 Dungeon Crawl Stone Soup version 0.27-a0-1196-g3e9cee4cb2 (webtiles) character file.

Game seed: 7830445461603523816

69 Azzok the Chopper (level 4, 36/36 HPs)
             Began as a Demonspawn Berserker on May 29, 2021.
             Was a Believer of Trog.
             Quit the game on level 3 of the Dungeon.
             The game lasted 00:01:49 (2428 turns).

Azzok the Chopper (Demonspawn Berserker)            Turns: 2428, Time: 00:01:50

Health: 36/36      AC:  6    Str: 18    XL:     4   Next: 2%
Magic:  4/4        EV: 15    Int:  9    God:    Trog [**....]
Gold:   43         SH:  0    Dex: 18    Spells: 3/3 levels left

rFire    . . .     SeeInvis .   a - +0 hand axe
rCold    . . .     Faith    .   (no shield)
rNeg     . . .     Spirit   .   h - +0 ring mail
rPois    .         Reflect  .   (helmet restricted)
rElec    .         Harm     .   (no cloak)
rCorr    .         Rampage  .   (no gloves)
Will     .....                  (no boots)
Stlth    +.........             f - amulet of the acrobat
HPRegen  0.12/turn              c - +6 ring of dexterity
MPRegen  0.09/turn              g - +4 ring of evasion

@: no status effects
A: antennae 1, rugged brown scales 1, foul stench 1
a: Renounce Religion, Berserk, Trog's Hand


You were on level 3 of the Dungeon.
You worshipped Trog.
Trog was pleased with you.
You visited 1 branch of the dungeon, and saw 3 of its levels.

You collected 43 gold pieces.

Inventory:

Hand Weapons
 a - a +0 hand axe (weapon)
Missiles
 j - 5 boomerangs of dispersal
Armour
 h - a +0 ring mail (worn)
Jewellery
 c - a +6 ring of dexterity (left hand)
 f - an amulet of the acrobat (around neck)
 g - a +4 ring of evasion (right hand)
Scrolls
 b - a scroll of fog {unknown}
 d - 2 scrolls of identify {unknown}
 e - a scroll of immolation {unknown}
Potions
 i - a potion of cancellation {unknown}
 k - a potion of heal wounds {unknown}
 l - a potion of magic {unknown}


   Skills:
 - Level 3.0 Fighting
 + Level 4.5 Axes
 - Level 1.7 Armour
 - Level 1.7 Dodging


You had 3 spell levels left.
You didn't know any spells.
Your spell library was empty.

Dungeon Overview and Level Annotations

Branches:
Dungeon (3/15)

Altars:
Qazlal
Wu Jian


Innate Abilities, Weirdness & Mutations

You have a pair of small antennae on your head.
You are partially covered in rugged brown scales. (AC +1, +3% HP)
You may rarely emit foul miasma when damaged in melee.


Message History

The ball python is heavily wounded.
The ball python misses you. The ball python constricts you.
You closely miss the ball python.
The ball python is heavily wounded.
The ball python closely misses you. The ball python constricts you.
The ball python bites you. The ball python constricts you.
You slash the ball python!
You kill the ball python!
Trog accepts your kill.
You see here a ball python corpse.
You sense a monster nearby.
You sense a monster nearby.
An adder comes into view.
The adder hisses angrily.
An adder is nearby!
You hit the adder.
The adder is heavily wounded.
The adder barely misses you.
You miss the adder.
The adder is heavily wounded.
The adder barely misses you. The adder misses you.
You closely miss the adder.
The adder is heavily wounded.
The adder bites you but does no damage.
You miss the adder.
The adder is heavily wounded.
The adder closely misses you.
You miss the adder.
The adder is heavily wounded.
The adder misses you. x2
You closely miss the adder.
The adder is heavily wounded.
The adder barely misses you.
You slash the adder!
You kill the adder!
Trog accepts your kill.
You have reached level 4!
You feel clever.
Your demonic ancestry asserts itself...
You begin to emit a foul stench of rot and decay.
Are you sure you want to abandon this character and quit the game? (Confirm with "yes".)

▒▒·▒·▒▒
▒▒·▒†▒▒ ▒▒
▒▒·▒·▒▒ ▒·▒
▒▒·▒·▒
▒▒▒▒▒▒▒
▒·▒·▒
▒▒·▒·▒▒
······▒
▒·▒·▒
▒▒·▒·▒▒
······▒
▒·▒·▒▒
▒▒·▒·▒▒ {
······▒
▒†▒·▒▒
▒▒·▒·▒▒
▒▒▒▒▒▒▒
▒@▒·▒▒▒·▒·▒▒
{
▒▒·▒·▒·▒·▒▒
▒▒·▒·▒·▒▒
▒▒·▒·▒▒
▒▒·▒▒ ▒▒▒


There were no monsters in sight!

Vanquished Creatures
  2 adders (D:3)
  A dart slug (D:1)
  An orc (D:3)
  8 endoplasms
  2 giant cockroaches
  5 goblins
  5 hobgoblins
  4 kobolds
  A quokka (D:1)
  6 ball pythons
  3 bats
  4 frilled lizards
  6 rats
48 creatures vanquished.

Notes
Turn   | Place    | Note
-------+----------+-------------------------------------------
     0 | D:1      | Azzok the Demonspawn Berserker began the quest for the Orb.
     0 | D:1      | Reached XP level 1. HP: 18/18 MP: 1/1
   254 | D:1      | Reached skill level 3 in Axes
   273 | D:1      | Gained mutation: You are partially covered in rugged brown
                  | scales. (AC +1, +3% HP) [demonic ancestry]
   273 | D:1      | Reached XP level 2. HP: 15/24 MP: 2/2
  1155 | D:2      | Gained mutation: You have a pair of small antennae on your
                  | head. [demonic ancestry]
  1155 | D:2      | Reached XP level 3. HP: 24/29 MP: 3/3
  1508 | D:2      | Reached skill level 4 in Axes
  1755 | D:2      | Found an ornate altar of the Wu Jian Council.
  1838 | D:2      | Reached ** piety under Trog
  2268 | D:3      | Found a stormy altar of Qazlal.
  2318 | D:3      | Found a faded altar of an unknown god.
  2428 | D:3      | Gained mutation: You may rarely emit foul miasma when
                  | damaged in melee. [demonic ancestry]
  2428 | D:3      | Reached XP level 4. HP: 36/36 MP: 4/4
  2428 | D:3      | Quit the game

Illustrated notes

Levels and vault maps discovered:
D:1:      nicolae_arrival_washed_ashore, layout_basic
D:2:      layout_loops_ring, basic_altar
D:3:      minmay_inner_zag, layout_basic, overflow_temple_1_default,
          ebering_ecumenical_altar_rust, uniq_ijyb

Skill      XL: |  1  2  3 |
---------------+----------+-----
Axes           | 3 4 |  4.5
Fighting       | |  3.0
Armour         | |  1.7
Dodging        | |  1.7

Action                   |  1- 3 |  4- 6 || total
-------------------------+-------+-------++-------
Melee: Hand axe          |   154 |       ||   154
Armor: Animal skin       |    10 |       ||    10
       Ring mail         |    21 |       ||    21
Dodge: Dodged            |   143 |       ||   143

Table legend: (Time is in decaauts)
 A = Elapsed time spent in this place.
 B = Non-inter-level travel time spent in this place.
 C = Inter-level travel time spent in this place.
 D = Time resting spent in this place.
 E = Time spent auto-exploring this place.
 F = Levels seen in this place.
 G = Mean time per level.
                   A        B        C        D        E       F      G
               +--------+--------+--------+--------+--------+-----+--------+
         Total |   2444 |   2388 |     56 |      0 |   1964 |   3 |  814.7 |
       Dungeon |   2444 |   2388 |     56 |      0 |   1964 |   3 |  814.7 |
               +--------+--------+--------+--------+--------+-----+--------+

Top non-repeatable levels by time:
     D:2: 1028 daAuts
     D:1: 912 daAuts
     D:3: 503 daAuts
